 Dungeon Crawl Stone Soup version 0.20-a0-760-g49f5558 (webtiles) character file.

988 Kurtz the Basher (level 7, -3/53 HPs)
             Began as a Demigod Gladiator on Feb 26, 2017.
             Slain by a two-headed ogre
             ... wielding a cursed -3 dire flail
              (7 damage)
             ... on level 5 of the Dungeon.
             The game lasted 00:07:11 (5492 turns).

Kurtz the Basher (Demigod Gladiator)                Turns: 5492, Time: 00:07:12

Health: -3/53      AC: 13    Str: 17    XL:     7   Next: 65%
Magic:  9/9        EV:  8    Int: 12    God:
Gold:   50         SH:  0    Dex: 23    Spells: 6/6 levels left

rFire    . . .     SeeInvis .   a - +0 flail
rCold    . . .     Gourm    .   E - +0 chain mail
rNeg     . . .     Faith    .   (no shield)
rPois    .         Spirit   .   c - +0 helmet
rElec    .         Reflect  .   d - +2 cloak {MR+}
rCorr    .         Harm     .   (no gloves)
MR       +....                  H - +0 pair of boots "Buxtof" {Regen+ Dex+2} (curse)
Stlth    ..........             (no amulet)
Regen    0.6/turn               (no ring)
MPRegen  0.2/turn               (no ring)

@: no status effects
A: high mp 1
a: no special abilities


You were on level 5 of the Dungeon.
You were not hungry.

You visited 1 branch of the dungeon, and saw 5 of its levels.

You collected 306 gold pieces.
You spent 256 gold pieces at shops.

Inventory:

Hand Weapons
 a - a +0 flail (weapon)
Armour
 b - a +0 leather armour
 c - a +0 helmet (worn)
 d - a +2 cloak of magic resistance (worn)
 o - a +1 hat
 p - a +0 ring mail
 v - a +0 scale mail
 E - a +0 chain mail (worn)
 H - the cursed +0 pair of boots "Buxtof" (worn) {Regen+ Dex+2}
   (You bought it in a shop on level 5 of the Dungeon)

   It affects your dexterity (+2).
   It increases your rate of regeneration.
   It has a curse placed upon it.
Wands
 x - a wand of random effects (22/48)
Scrolls
 g - a scroll of noise {unknown}
 h - 3 scrolls of teleportation {unknown}
 i - a scroll of fear {unknown}
 l - 6 scrolls of identify {unknown}
 s - a scroll of enchant weapon {unknown}
 t - 2 scrolls of recharging {unknown}
 u - 4 scrolls of random uselessness {unknown}
 w - 3 scrolls of enchant armour {unknown}
 y - a scroll of fog {unknown}
 A - 2 scrolls of amnesia {unknown}
Potions
 e - 3 potions of heal wounds {unknown}
 j - a potion of lignification {unknown}
 k - 5 potions of mutation {unknown}
 m - a potion of cancellation {unknown}
 n - 5 potions of curing {unknown}
 q - 2 potions of degeneration {unknown}
 r - 2 potions of might {unknown}
 B - a potion of brilliance {unknown}
 C - a potion of flight {unknown}
 G - a potion of ambrosia {unknown}
 I - 2 potions of agility {unknown}
Books
 z - a book of Maledictions

   Spells                             Type                      Level
   a - Corona                         Hexes                        1
   b - Ensorcelled Hibernation        Hexes/Ice                    2
   c - Confuse                        Hexes                        3
   d - Tukima's Dance                 Hexes                        3
   e - Dazzling Spray                 Conjuration/Hexes            3
Comestibles
 f - 4 bread rations
 D - 2 meat rations
 F - 4 chunks of flesh


   Skills:
 - Level 1.7 Fighting
 * Level 8.9 Maces & Flails
 - Level 1.7 Throwing
 - Level 2.6 Dodging


You had 6 spell levels left.
You didn't know any spells.

Dungeon Overview and Level Annotations

Branches:
Dungeon (5/15)
 Temple: D:4-7

Shops:
D:5 *[*%}


Innate Abilities, Weirdness & Mutations

You have an increased reservoir of magic. (+10% MP)


Message History

The two-headed ogre is almost dead.
The two-headed ogre looks more healthy.
The two-headed ogre hits you with a dire flail!!
* * * LOW HITPOINT WARNING * * *
The two-headed ogre barely misses you.
Unknown command.
Firing (i - inventory): No suitable missiles.
Press: ? - help, Shift-Dir - straight line, f/p - two-headed ogre
Aim: a two-headed ogre, wielding a dire flail and a giant club (almost dead, fast)
Okay, then.
Unknown command.
You closely miss the two-headed ogre.
The two-headed ogre is almost dead.
The two-headed ogre closely misses you.
The two-headed ogre hits you but does no damage.
Unknown command.
You hit the two-headed ogre but do no damage.
The two-headed ogre is almost dead.
The two-headed ogre hits you with a dire flail!
You die...

#### #...
###################...
#.................'...
#.#..##############...
#.#...# #### #.#...#
#....#################
###...>@O.(.............
#....#..#(##############
#.#....<#......#
#.#######......#
#..............#
#########......#
#......# #......#
#......#


You could see a two-headed ogre.

Vanquished Creatures
  A phantom (D:4)
  An ogre (D:4)
  2 centaurs (D:5)
  2 scorpions
  2 howler monkeys (D:4)
  A crimson imp (D:4)
  A hound (D:2)
  A centaur skeleton (D:4)
  A bullfrog zombie (D:5)
  2 orc wizards
  Crazy Yiuf (D:3)
  An orc priest (D:2)
  Jessica (D:2)
  A hound skeleton (D:5)
  Robin (D:3)
  A howler monkey skeleton (D:4)
  8 adders
  An ooze (D:2)
  An adder skeleton (D:4)
  2 worms (D:4)
  3 dart slugs
  2 leopard geckos
  12 orcs
  2 ball pythons
  5 bats
  4 giant cockroaches
  15 hobgoblins
  9 jackals
  8 kobolds
  A quokka (D:4)
  4 frilled lizards
  11 goblins
  A jackal skeleton (D:4)
  5 rats
114 creatures vanquished.

Notes
Turn   | Place    | Note
-------+----------+-------------------------------------------
     0 | D:1      | Kurtz the Demigod Gladiator began the quest for the Orb.
     0 | D:1      | Reached XP level 1. HP: 17/17 MP: 3/3
   139 | D:1      | Reached skill level 3 in Maces & Flails
   207 | D:1      | Reached XP level 2. HP: 12/24 MP: 4/4
   833 | D:2      | Found an ornate altar of the Wu Jian Council.
   944 | D:2      | Found a radiant altar of Vehumet.
   955 | D:2      | Found a sparkling altar of Nemelex Xobeh.
   965 | D:2      | Found a bloodstained altar of Trog.
   983 | D:2      | Found a deep blue altar of Sif Muna.
  1153 | D:2      | Reached skill level 4 in Maces & Flails
  1153 | D:2      | Reached XP level 3. HP: 24/29 MP: 5/5
  1550 | D:2      | Found a burning altar of Makhleb.
  1571 | D:2      | Reached XP level 4. HP: 17/36 MP: 6/6
  1807 | D:3      | Noticed Jessica
  1828 | D:2      | Killed Jessica
  1828 | D:2      | Reached skill level 5 in Maces & Flails
  1992 | D:3      | Noticed Robin
  2178 | D:3      | Killed Robin
  2361 | D:3      | Reached XP level 5. HP: 32/41 MP: 7/7
  2483 | D:3      | Found an iron altar of Okawaru.
  2503 | D:3      | Found a stormy altar of Qazlal.
  2560 | D:3      | Reached skill level 6 in Maces & Flails
  3237 | D:3      | Reached XP level 6. HP: 40/48 MP: 8/8
  3290 | D:3      | Found a runed door.
  3400 | D:3      | Noticed Crazy Yiuf
  3410 | D:3      | Killed Crazy Yiuf
  3642 | D:4      | Reached skill level 7 in Maces & Flails
  4347 | D:5      | Entered Level 5 of the Dungeon
  4347 | D:5      | Found Xicul's Assorted Antiques.
  4347 | D:5      | Found Diudacel's Armour Emporium.
  4651 | D:4      | Reached XP level 7. HP: 53/53 MP: 9/9
  4670 | D:5      | Reached skill level 8 in Maces & Flails
  4980 | D:5      | Found a shattered altar of Ashenzari.
  5039 | D:5      | Found Vitih's General Store.
  5059 | D:5      | Bought a pair of encrusted boots for 256 gold pieces
  5064 | D:5      | Identified the cursed +0 pair of boots "Buxtof" {Regen+ Dex+2} (You bought it in a shop on level 5 of the Dungeon)
  5417 | D:5      | Found Haemuot's Gadget Shoppe.
  5418 | D:5      | Found Afuahin's Food Emporium.
  5481 | D:5      | Noticed a two-headed ogre
  5492 | D:5      | Slain by a two-headed ogre

Vault maps used:
D:1:      dpeg_arrival_erosion, minmay_pentomino_w2
D:2:      nicolae_overflow_crystal_walls, grunt_temple_overflow_cloverleaf,
          serial_aquarium, aquarium_bridge_straight, aquarium_bridge_square,
          aquarium_window_double, aquarium_window_2, aquarium_window_1,
          aquarium_view_2e, aquarium_view_2g, aquarium_balcony_1b,
          makhleb_blood_cavern_becter
D:3:      grunt_qazlal_clouds, lemuel_crystal_altar, uniq_jessica,
          uniq_crazy_yiuf_cottage, uniq_robin
D:4:      first_bread, minmay_misc_feat_cross, kennysheep_generic_room_13
D:5:      nicolae_ashenzari_panopticon, serial_shops,
          nicolae_shop_competitors_out_of_business, nicolae_shop_crystal,
          nicolae_shop_overgrown_old_shop, shop, shop

Skill      XL: |  1  2  3  4  5  6  7 |
---------------+----------------------+-----
Maces & Flails | 3 4 5 6 7 8 |  8.9
Fighting       | |  1.7
Throwing       | |  1.7
Dodging        | |  2.6

Action                   |  1- 3 |  4- 6 |  7- 9 || total
-------------------------+-------+-------+-------++-------
Melee: Flail             |   108 |   273 |   110 ||   491
Throw: Throwing net      |       |     4 |       ||     4
Evoke: Wand              |       |     3 |     3 ||     6
 Stab: Sleeping          |     1 |       |       ||     1
       Held in net/web   |       |     1 |       ||     1
  Eat: Chunk             |     2 |    10 |     3 ||    15
Armor: Leather armour    |    18 |       |       ||    18
       Ring mail         |    11 |       |       ||    11
       Scale mail        |    17 |    86 |       ||   103
       Chain mail        |       |    71 |    70 ||   141
Dodge: Dodged            |    75 |   150 |    43 ||   268
